 Dungeon Crawl Stone Soup version 0.20.0-15-g7f486f2 (webtiles) character file.

1375 Omegatherion the Cudgeler (level 8, -1/49 HPs)
             Began as a Gargoyle Fighter on June 22, 2017.
             Was a Believer of Zin.
             Incinerated by raetorn's ghost (6 damage)
             ... with a sticky flame
             ... on level 6 of the Dungeon.
             The game lasted 00:14:35 (4369 turns).

Omegatherion the Cudgeler (Gargoyle Fighter)        Turns: 4369, Time: 00:14:36

Health: -1/49      AC: 15    Str: 20    XL:     8   Next: 66%
Magic:  8/8        EV:  9    Int:  9    God:    Zin [**....]
Gold:   250        SH: 10    Dex: 11    Spells: 7/7 levels left

rFire    . . .     SeeInvis .   y - +2 trident (flame)
rCold    . . .     Gourm    .   c - +0 shield
rNeg     + . .     Faith    .   b - +0 scale mail
rPois    ∞         Spirit   .   l - +0 helmet
rElec    +         Reflect  .   (no cloak)
rCorr    .         Harm     .   x - +0 pair of gloves
MR       .....                  (no boots)
Stlth    ..........             (no amulet)
Regen    0.2/turn               (no ring)
MPRegen  0.2/turn               (no ring)

@: liquid flames, glowing
A: negative energy resistance 1, electricity resistance, unbreathing,
petrification resistance, rot immunity, AC +5
a: Recite, Vitalisation, Donate Gold, Renounce Religion


You were on level 6 of the Dungeon.
You worshipped Zin.
Zin was pleased with you.
You were not hungry.

You visited 2 branches of the dungeon, and saw 7 of its levels.
You also visited: Sewer.

You collected 277 gold pieces.
You donated 27 gold pieces to Zin.

Inventory:

Hand Weapons
 a - a +0 flail
 y - a +2 trident of flaming (weapon)
 E - a -3 executioner's axe
 F - a -1 morningstar
Missiles
 d - 6 tomahawks of returning (quivered)
Armour
 b - a +0 scale mail (worn)
 c - a +0 shield (worn)
 l - a +0 helmet (worn)
 x - a +0 pair of gloves (worn)
Wands
 G - a wand of iceblast (3/15)
Scrolls
 e - 4 scrolls of remove curse {unknown}
 g - 2 scrolls of magic mapping {unknown}
 m - 10 scrolls of identify {unknown}
 n - 2 scrolls of fear {unknown}
 o - a scroll of enchant armour {unknown}
 p - 3 scrolls of teleportation {unknown}
 q - 2 scrolls of fog {unknown}
 v - 2 scrolls of blinking {unknown}
 w - a scroll of brand weapon {unknown}
 z - 3 scrolls of random uselessness {unknown}
 A - a scroll of recharging {unknown}
 C - 3 scrolls of immolation {unknown}
Potions
 h - 3 potions of brilliance {unknown}
 i - 3 potions of agility {unknown}
 j - 3 potions of curing {unknown}
 k - 2 potions of mutation {unknown}
 s - 3 potions of invisibility {unknown}
 u - a potion of haste {unknown}
 B - 3 potions of flight {unknown}
 D - a potion of berserk rage {unknown}
Comestibles
 f - 4 bread rations
 r - 2 fruits
 t - 5 meat rations
 H - a chunk of flesh


   Skills:
 + Level 5.0 Fighting
 + Level 7.5 Maces & Flails
 + Level 5.3 Armour
 + Level 2.6 Dodging
 + Level 5.3 Shields


You had 7 spell levels left.
You didn't know any spells.

Dungeon Overview and Level Annotations

Branches:
Dungeon (6/15)             Temple (1/1) D:4

Altars:
Ashenzari
Cheibriados
Dithmenos
Elyvilon
Fedhas
Gozag
Hepliaklqana
Kikubaaqudgha
Makhleb
Okawaru
Qazlal
Ru
Uskayaw
Xom
Yredelemnul
Zin
The Shining One

Annotations:
D:6 raetorn's ghost, novice OpFE


Innate Abilities, Weirdness & Mutations

You are resistant to torment.
Your stone body is resilient. (AC +5)
You are immune to poison.
You resist negative energy. (rN+)
You are resistant to electric shocks. (rElec)
You can survive without breathing.
You are immune to petrification.
You are immune to rotting.


Message History

Things that are here:
a falchion; a scale mail; an orc corpse The ogre is too close now for your liking.
Your shield prevents you from hitting the ogre.
The ogre hits you with a giant club!
Unknown command.
You see here a gnoll corpse.
You block raetorn's ghost's attack. You block raetorn's ghost's attack.
Raetorn's ghost sprays you with burning goo.
The sticky flame hits you!
You are covered in liquid flames!
You are covered in liquid flames!
* * * LOW HITPOINT WARNING * * *
You are covered in liquid flames!
* * * LOW HITPOINT WARNING * * *
You are covered in liquid flames!
* * * LOW HITPOINT WARNING * * *
You are covered in liquid flames!
You die...

............####[# ♣♣≈♣♣.♣...##
...<.............###♣♣≈≈♣♣......#
..W..g.g.....##.....#♣♣.♣♣♣....†.
........g.. ##..#..♣P.♣♣.....#.
......og.... ##.####.........#.
......o......####..............#.
...............#...............#.
...........#...................#.
.......5.###.#..@.O...#.##.#####.
##...W....†..)######
#.........##)...))..
....#.....#...#...####
.....#####.###.......# #.#..#
#.....#.#.#... # #..
.............. ##. #....##.#.....
..... ..##....


You could see an ogre and raetorn's ghost.

Vanquished Creatures
  Purgy (Sewer)
  An ogre (D:4)
  2 centaurs (D:5)
  A bullfrog (D:6)
  4 scorpions (D:5)
  2 crimson imps
  A bullfrog zombie (D:5)
  An orc priest (D:3)
  A jelly (D:5)
  A hound (D:6)
  4 orc wizards
  An iguana (D:5)
  Natasha (thrice) (D:4)
  2 worker ants (D:4)
  The ghost of TroutMask the Skirmisher, a weakling VSWn (D:3)
  10 gnolls
  4 adders
  2 shadow imps (D:5)
  A worm (D:4)
  An adder skeleton (D:6)
  4 dart slugs
  3 leopard geckos
  27 orcs
  A ball python (D:5)
  10 bats
  9 giant cockroaches
  7 goblins
  7 hobgoblins
  10 jackals
  2 quokkas
  4 frilled lizards
  5 kobolds
  A quokka skeleton (D:6)
  4 rats
138 creatures vanquished.

Vanquished Creatures (others)
  An orc wizard (D:5)
  A fungus (D:5)
2 creatures vanquished.

Grand Total: 140 creatures vanquished

Notes
Turn   | Place    | Note
-------+----------+-------------------------------------------
     0 | D:1      | Omegatherion the Gargoyle Fighter began the quest for the Orb.
     0 | D:1      | Reached XP level 1. HP: 14/14 MP: 1/1
   128 | D:1      | Reached XP level 2. HP: 15/19 MP: 2/2
   301 | D:1      | Reached skill level 3 in Maces & Flails
   796 | D:2      | Reached XP level 3. HP: 23/23 MP: 3/3
  1126 | D:2      | Found a white marble altar of Elyvilon.
  1134 | D:2      | Reached skill level 4 in Maces & Flails
  1138 | D:2      | Reached XP level 4. HP: 13/28 MP: 4/4
  1422 | D:2      | Found a snail-covered altar of Cheibriados.
  1686 | D:3      | Reached skill level 5 in Maces & Flails
  1688 | D:3      | Reached XP level 5. HP: 13/32 MP: 5/5
  1800 | D:3      | Found a shattered altar of Ashenzari.
  1858 | D:3      | Found a glowing drain.
  1907 | Sewer    | Entered a sewer
  1958 | Sewer    | Noticed Purgy
  1976 | Sewer    | Killed Purgy
  1976 | Sewer    | Reached skill level 6 in Maces & Flails
  1976 | Sewer    | Reached XP level 6. HP: 25/37 MP: 6/6
  2132 | D:3      | Noticed TroutMask's ghost (weakling VSWn)
  2136 | D:3      | Killed TroutMask's ghost
  2558 | D:4      | Noticed Natasha
  2575 | D:4      | Killed Natasha
  2585 | D:4      | Found a staircase to the Ecumenical Temple.
  2602 | Temple   | Entered the Ecumenical Temple
  2817 | Temple   | Became a worshipper of Zin the Law-Giver
  2817 | Temple   | Reached * piety under Zin
  2955 | D:4      | Noticed Natasha
  2969 | D:4      | Killed Natasha
  2970 | D:4      | Noticed Natasha
  2974 | D:4      | Killed Natasha
  2974 | D:4      | Reached skill level 1 in Dodging
  2974 | D:4      | Reached XP level 7. HP: 34/42 MP: 7/7
  3365 | D:5      | Entered Level 5 of the Dungeon
  3486 | D:5      | Reached ** piety under Zin
  3534 | D:5      | Found a shimmering altar of Xom.
  3557 | D:5      | Reached skill level 7 in Maces & Flails
  3620 | D:5      | Found an iron altar of Okawaru.
  3674 | D:5      | Reached XP level 8. HP: 16/48 MP: 8/8
  4106 | D:6      | Noticed raetorn's ghost (novice OpFE)
  4118 | D:5      | Reached skill level 5 in Armour
  4189 | D:6      | Reached skill level 5 in Shields
  4253 | D:6      | Reached skill level 5 in Fighting
  4369 | D:6      | Incinerated by raetorn's ghost

Skill      XL: |  1  2  3  4  5  6  7  8 |
---------------+-------------------------+-----
Maces & Flails | 3 4 5 6 7 |  7.5
Dodging        | 1 2 |  2.6
Shields        | 4 5 |  5.3
Fighting       | 4 5 |  5.0
Armour         | 4 5 |  5.3

Action                   |  1- 3 |  4- 6 |  7- 9 || total
-------------------------+-------+-------+-------++-------
Melee: Flail             |    96 |   136 |       ||   232
       Trident           |       |    75 |   257 ||   332
Throw: Tomahawk          |       |     3 |       ||     3
Invok: Recite            |       |       |     1 ||     1
  Use: Potion            |       |     1 |       ||     1
 Stab: Held in net/web   |       |       |     1 ||     1
  Eat: Meat ration       |       |     1 |       ||     1
       Fruit             |       |     1 |     1 ||     2
       Chunk             |       |       |     6 ||     6
Armor: Scale mail        |    37 |   137 |   149 ||   323
Dodge: Dodged            |    27 |    86 |    88 ||   201
Block: Shield            |    53 |   129 |   160 ||   342
